 Dungeon Crawl Stone Soup version 0.19.5 (webtiles) character file.

13839 greprep the Unseen (level 11, -38/50 HPs)
             Began as a Spriggan Enchanter on May 3, 2017.
             Killed from afar by a deep elf knight (44 damage)
             ... with a shard of ice
             ... on level 12 of the Dungeon.
             The game lasted 01:06:38 (15658 turns).

greprep the Unseen (Spriggan Enchanter)            Turns: 15658, Time: 01:06:39

Health: -38/50     AC:  9    Str:  7    XL:     11   Next: 80%
Magic:  21/26      EV: 21    Int: 16    God:
Gold:   461        SH:  0    Dex: 18    Spells: 6 memorised, 16 levels left

rFire  . . .     SeeInvis +     a - +2 dagger
rCold  . . .     Gourm    .     J - +0 troll leather armour
rNeg   . . .     Faith    .     (shield restricted)
rPois  .         Spirit   .     (helmet restricted)
rElec  .         Reflect  .     d - +0 cloak
rCorr  .         Harm     .     (gloves unavailable)
MR     +....                    (boots unavailable)
Stlth  ++++++....               (no amulet)
                                u - +5 ring of slaying
                                v - +4 ring of protection

@: very quick
A: unfitting armour, see invisible, herbivore 3, speed 3, slow metabolism 2
a: no special abilities


You were on level 12 of the Dungeon.
You were not hungry.

You visited 2 branches of the dungeon, and saw 13 of its levels.

You collected 677 gold pieces.
You spent 216 gold pieces at shops.

Inventory:

Hand Weapons
 a - a +2 dagger (weapon)
Armour
 d - a +0 cloak (worn)
 o - a +0 robe of magic resistance
 J - a +0 troll leather armour (worn)
 K - +0 mottled dragon scales
Jewellery
 e - an uncursed ring of protection from magic
 k - an uncursed amulet of rage
 s - an uncursed ring of wizardry
 u - a +5 ring of slaying (right hand)
 v - a +4 ring of protection (left hand)
 B - an uncursed ring of ice {unknown}
Wands
 g - a wand of hasting (3/9)
 n - a wand of paralysis (12/24)
 A - a wand of flame (28/48)
 C - a wand of confusion (15/48)
Scrolls
 h - 2 scrolls of remove curse
 m - 5 scrolls of identify
 r - 2 scrolls of fear
 t - 2 scrolls of fog
 x - a scroll of recharging
 y - 3 scrolls of teleportation
 z - 3 scrolls of magic mapping
 E - a scroll of blinking
 L - a scroll of brand weapon {unknown}
Potions
 f - a potion of resistance
 i - a potion of magic
 j - 2 potions of flight
 l - a potion of ambrosia
 w - a potion of berserk rage
Books
 c - a book of Maledictions

   Spells                             Type                      Level
   a - Corona                         Hexes                        1
   b - Ensorcelled Hibernation        Hexes/Ice                    2
   c - Confuse                        Hexes                        3
   d - Tukima's Dance                 Hexes                        3
   e - Dazzling Spray                 Conjuration/Hexes            3
 G - a book of the Earth

   Spells                             Type                      Level
   a - Leda's Liquefaction            Hexes/Earth                  4
   b - Bolt of Magma                  Conjuration/Fire/Earth       5
   c - Statue Form                    Transmutation/Earth          6
   d - Iron Shot                      Conjuration/Earth            6
   e - Shatter                        Earth                        9
 H - a book of Spatial Translocations

   Spells                             Type                      Level
   a - Blink                          Translocation                2
   b - Shroud of Golubria             Charms/Translocation         2
   c - Lesser Beckoning               Translocation                3
   d - Portal Projectile              Translocation                3
   e - Teleport Other                 Translocation                3
   f - Passage of Golubria            Translocation                4
 I - a book of the Sky

   Spells                             Type                      Level
   a - Summon Lightning Spire         Summoning/Air                4
   b - Airstrike                      Air                          4
   c - Silence                        Hexes/Air                    5
   d - Deflect Missiles               Charms/Air                   6
   e - Conjure Ball Lightning         Conjuration/Air              6
   f - Tornado                        Air                          9
Miscellaneous
 F - a crystal ball of energy
Comestibles
 b - 20 royal jellies
 p - 13 fruits
 q - 4 bread rations
 D - a slice of pizza


   Skills:
 + Level 1.7 Fighting
 + Level 5.6(5.7) Short Blades
   Level 0.8(2.7) Long Blades
 + Level 6.2 Dodging
 + Level 16.8 Stealth
 * Level 10.1 Spellcasting
 * Level 3.3 Conjurations
 * Level 9.8 Hexes
 * Level 2.3 Translocations
 * Level 5.3 Ice Magic


You had 16 spell levels left.
You knew the following spells:

 Your Spells              Type           Power        Failure   Level  Hunger
a - Corona                Hex            #####..      1%          1    None
b - Ensorcelled Hibernat  Hex/Ice        ####..       1%          2    None
c - Confuse               Hex            #####...     1%          3    None
d - Tukima's Dance        Hex            #####...     1%          3    None
e - Dazzling Spray        Conj/Hex       ####..       2%          3    None
f - Blink                 Tloc           N/A          10%         2    None


Dungeon Overview and Level Annotations

Branches:
Dungeon (12/15)            Temple (1/1) D:6            Lair (0/6) D:8
    Orc (0/2) D:10

Altars:
Ashenzari
Cheibriados
Dithmenos
Elyvilon
Fedhas
Gozag
Hepliaklqana
Kikubaaqudgha
Makhleb
Nemelex Xobeh
Okawaru
Qazlal
Ru
Sif Muna
Trog
Uskayaw
Vehumet
Xom
Yredelemnul
Zin
The Shining One

Shops:
D:6 (   D:8 [


Innate Abilities, Weirdness & Mutations

You are very small and have problems with some larger weapons.
You are too small for most types of armour.
You have supernaturally acute eyesight. (SInv)
You are a herbivore.
You cover ground extremely quickly.
You need consume almost no food.


Message History

There is something else lying underneath.
The floor, spattered with blood.
Casting: Ensorcelled Hibernation
Confirm with . or Enter, or press ? or * to list all spells.
Aiming: Ensorcelled Hibernation
Press: ? - help, Shift-Dir - straight line, f - deep elf knight
Aim: a deep elf knight, wielding a long sword and wearing a buckler (fast, slightly transparent, chance to defeat MR: 14%)
The deep elf knight resists with almost no effort.
Casting: Ensorcelled Hibernation
Confirm with . or Enter, or press ? or * to list all spells.
Aiming: Ensorcelled Hibernation
Press: ? - help, Shift-Dir - straight line, p - deep elf knight
Okay, then.
The deep elf knight gestures at you while chanting.
The shard of ice hits you!
* * * LOW HITPOINT WARNING * * *
The deep elf knight casts a spell at you.
The shard of ice hits you!
Ouch! That really hurt!
You die...

...........### #..###
........†..# ###...#
#......[...# #....##
####......#####.####
##....>###...# ####
#.....#...### .|C.##
#.......###
......########.........###
.......#.yye..@.........(#
....e..##.####.....#######
....≈...#.# #.....#
[y.e≈y..#)# #.....#
#y.e§...ay# #######
%.So§...### ...§§...#
...§...## .......


You could see a deep elf knight (invisible) and 2 vampire mosquitoes.

Vanquished Creatures
  A hydra (D:11)
  Erica (D:8)
  4 hill giants
  An ugly thing (D:12)
  2 deep elf magi (D:11)
  2 centaur zombies (D:11)
  The ghost of miragecloak the Martial Artist, a novice OpTm (D:7)
  A freezing wraith (D:11)
  A queen bee (D:10)
  2 trolls (D:12)
  Prince Ribbit (D:5)
  4 hornets
  2 hippogriffs
  A vampire (D:11)
  A vampire mosquito (D:12)
  A mottled dragon (D:12)
  A soldier ant (D:8)
  2 water moccasins
  7 ice beasts
  5 orc warriors
  5 sky beasts
  A black bear (D:10)
  An eye of draining (D:12)
  3 ogres
  A phantom (D:9)
  A centaur (D:11)
  A big kobold (D:11)
  A wyvern zombie (D:12)
  3 bullfrogs
  5 scorpions
  24 killer bees (D:10)
  A howler monkey (D:4)
  2 bullfrog zombies
  9 crimson imps
  A quasit (D:11)
  Crazy Yiuf (D:7)
  A centaur skeleton (D:5)
  6 hounds
  3 jellies
  An orc priest (D:7)
  4 iguanas
  Ijyb (D:2)
  4 orc wizards
  12 worker ants
  A hound zombie (D:8)
  A hound skeleton (D:6)
  A worker ant zombie (D:11)
  18 adders
  3 gnolls (D:8)
  3 shadow imps
  An ooze (D:1)
  An adder zombie (D:7)
  4 worms
  A dart slug (D:2)
  4 leopard geckos
  31 orcs
  7 giant cockroaches
  10 goblins
  5 hobgoblins
  14 jackals
  7 kobolds
  8 quokkas
  A ball python (D:2)
  2 bats
  3 frilled lizards
  2 leopard gecko zombies
  A quokka zombie (D:5)
  4 rats
266 creatures vanquished.

Vanquished Creatures (others)
  A dancing weapon (D:8)
1 creature vanquished.

Grand Total: 267 creatures vanquished

Notes
Turn   | Place    | Note
-------+----------+-------------------------------------------
     0 | D:1      | greprep the Spriggan Enchanter began the quest for the Orb.
     0 | D:1      | Reached XP level 1. HP: 9/9 MP: 5/5
   384 | D:1      | Reached XP level 2. HP: 9/13 MP: 4/6
   405 | D:1      | Learned a level 2 spell: Ensorcelled Hibernation
   521 | D:1      | Reached skill level 5 in Stealth
  1033 | D:2      | Found a faded altar of an unknown god.
  1301 | D:2      | Reached XP level 3. HP: 16/16 MP: 8/8
  1448 | D:2      | Noticed Ijyb
  1528 | D:2      | Killed Ijyb
  1528 | D:2      | Reached skill level 6 in Stealth
  1813 | D:3      | Reached XP level 4. HP: 21/21 MP: 0/9
  2964 | D:3      | Reached XP level 5. HP: 24/24 MP: 5/10
  3101 | D:3      | Reached skill level 1 in Ice Magic
  3322 | D:3      | Reached skill level 7 in Stealth
  4080 | D:4      | Learned a level 3 spell: Confuse
  4084 | D:4      | Learned a level 3 spell: Tukima's Dance
  4291 | D:4      | Reached XP level 6. HP: 29/29 MP: 1/12
  4732 | D:4      | Reached skill level 8 in Stealth
  4987 | D:4      | Reached skill level 5 in Hexes
  5155 | D:4      | Found a stormy altar of Qazlal.
  5237 | D:5      | Entered Level 5 of the Dungeon
  5237 | D:5      | Noticed a sky beast
  5241 | D:5      | Killed a sky beast
  5241 | D:5      | Reached XP level 7. HP: 32/32 MP: 14/14
  5246 | D:5      | Learned a level 3 spell: Dazzling Spray
  5311 | D:5      | Reached skill level 9 in Stealth
  5644 | D:5      | Noticed Prince Ribbit
  5648 | D:5      | Killed Prince Ribbit
  5648 | D:5      | Reached skill level 10 in Stealth
  5657 | D:5      | Reached skill level 5 in Spellcasting
  5954 | D:5      | Reached XP level 8. HP: 31/37 MP: 16/16
  6298 | D:6      | Found a staircase to the Ecumenical Temple.
  6303 | Temple   | Entered the Ecumenical Temple
  6836 | D:6      | HP: 1/37 [hound (4)]
  7591 | D:6      | Found Muotu Veuse's Antique Weapon Emporium.
  7594 | D:6      | Reached skill level 11 in Stealth
  7600 | D:6      | Bought a runed dagger for 216 gold pieces
  7810 | D:6      | Found an opulent altar of Gozag.
  8114 | D:6      | Found a shattered altar of Ashenzari.
  8119 | D:6      | Found a shadowy altar of Dithmenos.
  8239 | D:7      | Noticed miragecloak's ghost (novice OpTm)
  9042 | D:7      | Found a white marble altar of Elyvilon.
  9426 | D:7      | Reached skill level 1 in Fighting
  9426 | D:7      | Reached skill level 12 in Stealth
  9489 | D:7      | Found a glowing silver altar of Zin.
  9489 | D:7      | Found a radiant altar of Vehumet.
  9609 | D:7      | Found a runed door.
  9688 | D:7      | Noticed Crazy Yiuf
  9692 | D:7      | Killed Crazy Yiuf
  9895 | D:7      | Killed miragecloak's ghost
  9895 | D:7      | Reached XP level 9. HP: 15/41 MP: 6/19
 10290 | D:8      | Noticed a white ugly thing
 10299 | D:8      | HP: 2/41 [white ugly thing (35)]
 10644 | D:8      | Found Faunoab's Armour Boutique.
 10657 | D:8      | Noticed Erica
 10676 | D:8      | Killed Erica
 10676 | D:8      | Reached skill level 13 in Stealth
 10889 | D:8      | Reached skill level 5 in Dodging
 10889 | D:8      | Reached skill level 14 in Stealth
 11283 | D:8      | Found a staircase to the Lair.
 11318 | D:8      | Reached XP level 10. HP: 46/46 MP: 21/21
 11324 | D:8      | Reached skill level 5 in Short Blades
 11324 | D:8      | Reached skill level 15 in Stealth
 11816 | D:9      | Noticed a hill giant
 11833 | D:9      | Killed a hill giant
 11987 | D:9      | Reached skill level 1 in Conjurations
 12552 | D:10     | Entered Level 10 of the Dungeon
 12654 | D:10     | Found a staircase to the Orcish Mines.
 14344 | D:10     | Reached XP level 11. HP: 25/49 MP: 14/24
 14406 | D:10     | Noticed a hill giant
 14413 | D:10     | Killed a hill giant
 14623 | D:10     | Noticed a hill giant
 14632 | D:10     | Killed a hill giant
 14769 | D:11     | Reached skill level 16 in Stealth
 14850 | D:11     | Found a large runed door.
 14850 | D:11     | Found a large runed door.
 14877 | D:11     | Noticed a deep elf mage
 14880 | D:11     | Killed a deep elf mage
 14895 | D:11     | Noticed a deep elf mage
 14899 | D:11     | Killed a deep elf mage
 15166 | D:11     | Found a large runed door.
 15166 | D:11     | Found a large runed door.
 15355 | D:11     | Noticed an eight-headed hydra
 15359 | D:11     | Reached skill level 5 in Ice Magic
 15361 | D:11     | Killed an eight-headed hydra
 15379 | D:11     | Learned a level 2 spell: Blink
 15411 | D:12     | Reached skill level 10 in Spellcasting
 15412 | D:12     | Noticed a white ugly thing
 15429 | D:12     | Killed a white ugly thing
 15429 | D:12     | Reached skill level 1 in Translocations
 15614 | D:12     | Noticed a deep elf knight
 15614 | D:12     | Noticed a deep elf mage
 15614 | D:12     | Noticed a deep elf knight
 15623 | D:12     | Noticed a deep elf mage
 15623 | D:12     | Noticed a hill giant
 15644 | D:12     | Killed a hill giant
 15658 | D:12     | Killed from afar by a deep elf knight

Skill      XL: |  1  2  3  4  5  6  7  8  9 10 11 |
---------------+----------------------------------+-----
Stealth        | 5 6 7 8 10 12 14 15 16 | 16.8
Hexes          | 4 5 6 7 8 9 |  9.8
Spellcasting   | 3 4 5 6 7 8 10 | 10.1
Ice Magic      | 1 2 3 4 5 |  5.3
Dodging        | 4 5 6 |  6.2
Short Blades   | 2 3 4 5 |  5.6
Fighting       | 1 |  1.7
Conjurations   | 2 3 |  3.3
Translocations | 2 |  2.3
Long Blades    | |  0.8

Action                   |  1- 3 |  4- 6 |  7- 9 | 10-12 || total
-------------------------+-------+-------+-------+-------++-------
Melee: Dagger            |    72 |   141 |   200 |   252 ||   665
       Falchion          |       |       |    16 |       ||    16
 Cast: Corona            |     6 |       |    10 |       ||    16
       Ensorcelled Hiber |    19 |    72 |    64 |   116 ||   271
       Confuse           |       |       |    20 |     9 ||    29
       Dazzling Spray    |       |       |     1 |     1 ||     2
       Tukima's Dance    |       |       |     1 |       ||     1
  Use: Scroll            |     2 |     8 |    12 |     5 ||    27
       Potion            |       |       |     2 |     3 ||     5
 Stab: Sleeping          |    21 |    40 |    66 |    89 ||   216
       Distracted        |       |     1 |     1 |       ||     2
       Confused          |       |       |     5 |     6 ||    11
  Eat: Bread ration      |       |     2 |       |     1 ||     3
       Fruit             |       |       |     1 |       ||     1
       Pizza             |       |       |     1 |       ||     1
       Royal jelly       |       |       |       |     1 ||     1
Armor: Robe              |     4 |    10 |    11 |    26 ||    51
       Troll leather arm |       |       |       |     2 ||     2
Dodge: Dodged            |    46 |   119 |   126 |   269 ||   560
       Rpst.: Falchion   |       |       |     4 |       ||     4
